 Dungeon Crawl Stone Soup version 0.28.0-62-gf88900778d (webtiles) character file.

Game seed: 4675098051753670715

277 cbfl8 the Covered (level 6, -3/55 HPs)
             Began as a Minotaur Fighter on July 7, 2023.
             Killed from afar by Natasha (6 damage)
             ... with a magic dart
             ... on level 2 of the Dungeon.
             The game lasted 00:01:56 (2275 turns).

cbfl8 the Covered (Minotaur Fighter)                Turns: 2275, Time: 00:01:56

Health: -3/55      AC:  7    Str: 20    XL:     6   Next: 4%
Magic:  5/5        EV:  9    Int:  5    God:
Gold:   37         SH:  5    Dex: 12    Spells: 5/5 levels left

rFire   . . .      SeeInvis .   a - +0 war axe
rCold   . . .      Faith    .   c - +0 buckler
rNeg    . . .      Spirit   .   b - +0 scale mail
rPois   .          Reflect  .   (helmet restricted)
rElec   .          Harm     .   (no cloak)
rCorr   .          Rampage  .   (no gloves)
Will    .....                   (no boots)
Stlth   ..........              (no amulet)
HPRegen 0.18/turn               (no ring)
MPRegen 0.09/turn               (no ring)

@: no status effects
A: horns 2, retaliatory headbutt
a: no special abilities


You were on level 2 of the Dungeon.
You visited 1 branch of the dungeon, and saw 2 of its levels.

You collected 37 gold pieces.

Inventory:

Hand Weapons
 a - a +0 war axe (weapon)
Missiles
 g - 5 silver boomerangs (quivered)
Armour
 b - a +0 scale mail (worn)
 c - a +0 buckler (worn)
Scrolls
 e - 3 scrolls of identify {unknown}
 f - a scroll of torment {unknown}
 h - a scroll of teleportation {unknown}
 i - a scroll of holy word {unknown}
 m - a scroll of fear {unknown}
 n - a scroll of vulnerability {unknown}
 p - a scroll of immolation {unknown}
 r - a scroll of magic mapping {unknown}
Potions
 d - 3 potions of might
 j - 2 potions of haste {unknown}
 k - a potion of attraction {unknown}
 l - 2 potions of curing {unknown}
 o - a potion of lignification {unknown}
 q - 2 potions of resistance {unknown}
 s - a potion of flight {unknown}


   Skills:
 + Level 4.8 Fighting
 + Level 3.7 Axes
 * Level 2.1 Throwing
 + Level 4.9 Armour
 + Level 4.3 Shields
 * Level 1.9 Evocations


You had 5 spell levels left.
You didn't know any spells.
Your spell library contained the following spells:

 Spells                   Type           Power      Damage    Failure   Level
 Magic Dart               Conj           0%         1d3       88%         1
 Call Imp                 Summ           0%         N/A       96%         2
 Mephitic Cloud           Conj/Pois/Air  0%         N/A       99%         3


Dungeon Overview and Level Annotations

Branches:
Dungeon (2/15)

Altars:

Shops:
D:1 *   D:2 (

Annotations:
D:2 Natasha


Innate Abilities, Weirdness & Mutations

You have a pair of horns on your head.
You reflexively headbutt those who attack you in melee.


Message History

You barely miss something. Your headbutt misses something.
You hit the iron imp.
The iron imp hits you but does no damage.
You hear some strange, mumbled words.
A magic dart appears from out of thin air!
The magic dart hits you!
You closely miss something. You hit the iron imp but do no damage.
Something claws you but does no damage. You block the iron imp's attack.
You miss something. You slash the iron imp! Something claws you.
The iron imp hits you.
* * * LOW HITPOINT WARNING * * *
Something claws you.
* * * LOW HITPOINT WARNING * * *
You miss something. You hit the iron imp but do no damage.
The iron imp laughs crazily.
You block the iron imp's attack. Something claws you but does no damage.
The iron imp hits you but does no damage.
You barely miss something. You slash the iron imp!
You kill the iron imp!
The iron imp disappears in a puff of smoke!
Something claws you but does no damage. x2
You hit something.
You hear some strange, mumbled words.
A magic dart appears from out of thin air!
The magic dart hits you.
* * * LOW HITPOINT WARNING * * *
Unknown command.
You barely miss something.
You hear some strange, mumbled words.
A magic dart appears from out of thin air!
The magic dart hits you.
* * * LOW HITPOINT WARNING * * *
You closely miss something.
Something claws you but does no damage. x2
You barely miss something. Your headbutt misses something. Something claws you.
* * * LOW HITPOINT WARNING * * *
You barely miss something. Your headbutt misses something.
You hear some strange, mumbled words.
A magic dart appears from out of thin air!
The magic dart hits you.
You die...

.# #.........#..#.#'##......
.# #.........##.#.#.##.#####
.# #.........##.#.#.##.# #..
.# #.........##...#.##.# #..
.####################..#.##.#
#.( ........###########
#..#.##.###..
.).###............#
#..#.##.#.... ...#
#.........{..# #..#.##.#....
...#
#..........@.###..#.##.#....
...#
#.................#.##.#....
...#
#............##..รท#.##.#....
...#
#............#.......#.#....
...#
#............#...>.....'....
####
#............#..########....
##.#+#########..# #.... #.#.#
#..# ####. #.#.# #.)# #.


There were no monsters in sight!

Vanquished Creatures
  Sigmund (D:2)
  Natasha (twice) (D:2)
  3 adders (D:2)
  2 dart slugs (D:1)
  A bat (D:1)
  6 endoplasms
  3 goblins
  2 hobgoblins
  6 jackals
  2 quokkas
  7 ball pythons
  2 frilled lizards
  4 kobolds
  2 rats
43 creatures vanquished.

Notes
Turn   | Place    | Note
-------+----------+-------------------------------------------
     0 | D:1      | cbfl8 the Minotaur Fighter began the quest for the Orb.
     0 | D:1      | Reached XP level 1. HP: 19/19 MP: 0/0
   289 | D:1      | Reached XP level 2. HP: 27/27 MP: 1/1
   433 | D:1      | Found a faded altar of an unknown god.
   639 | D:1      | Found Ziav's General Store.
  1013 | D:2      | Noticed Sigmund
  1021 | D:2      | Killed Sigmund
  1022 | D:2      | Reached skill level 1 in Throwing
  1022 | D:2      | Reached skill level 1 in Evocations
  1022 | D:2      | Reached XP level 3. HP: 16/34 MP: 2/2
  1022 | D:2      | Reached XP level 4. HP: 19/41 MP: 3/3
  1022 | D:2      | Reached XP level 5. HP: 22/47 MP: 4/4
  1717 | D:2      | Found Vin Ucil's Antique Weapon Emporium.
  1798 | D:2      | Noticed Natasha
  1801 | D:2      | Killed Natasha
  2075 | D:2      | Noticed Natasha
  2081 | D:2      | Killed Natasha
  2082 | D:2      | Reached XP level 6. HP: 52/55 MP: 5/5
  2258 | D:2      | Noticed Natasha
  2275 | D:2      | Killed from afar by Natasha

Illustrated notes

Levels and vault maps discovered:
D:1:      roderic_octagonal_star, layout_rooms, serial_shops, shop,
          basic_ecumenical_altar
D:2:      layout_basic, serial_shops, nicolae_shop_statue_plus, uniq_sigmund,
          uniq_natasha

Skill      XL: |  1  2  3  4  5 |
---------------+----------------+-----
Fighting       | 4 |  4.8
Axes           | 3 |  3.7
Throwing       | 1 2 |  2.1
Armour         | 4 |  4.9
Shields        | 4 |  4.3
Evocations     | 1 |  1.9

Action                   |  1- 3 |  4- 6 || total
-------------------------+-------+-------++-------
Melee: War axe           |    44 |    70 ||   114
       Headbutt          |     5 |     9 ||    14
Armor: Scale mail        |    33 |    36 ||    69
Dodge: Dodged            |    14 |    24 ||    38
Block: Buckler           |     6 |    18 ||    24
